 Dungeon Crawl Stone Soup version 0.31-a0-542-gdc2a67831c (webtiles) character file.

Game seed: 759934091497302439

37 mobinator the Trooper (level 3, -1/29 HPs)
             Began as a Human Fighter on Aug 14, 2023.
             Slain by a gnoll
             ... wielding a +0 flail
              (9 damage)
             ... on level 2 of the Dungeon.
             The game lasted 00:06:09 (1092 turns).

mobinator the Trooper (Human Fighter)               Turns: 1092, Time: 00:06:09

Health: -1/29      AC:  7    Str: 24    XL:     3   Next: 62%
Magic:  3/3        EV:  9    Int:  8    God:
Gold:   69         SH:  4    Dex: 12    Spells: 2/2 levels left

rFire   . . .        a - +0 long sword
rCold   . . .        c - +0 buckler
rNeg    . . .        b - +0 scale mail
rPois   .            j - +1 hat
rElec   .            (no cloak)
rCorr   .            (no gloves)
SInv    .            (no boots)
Will    .....        (no amulet) Stlth
                     i - +6 ring of strength
HPRegen 0.24/turn    (no ring)
MPRegen 0.08/turn

%: no passive effects
@: no status effects
A: no striking features
a: no special abilities


You were on level 2 of the Dungeon.
You visited 1 branch of the dungeon, and saw 2 of its levels.

You collected 69 gold pieces.

Inventory:

Hand Weapons
 a - a +0 long sword (weapon)
Missiles
 n - 5 poisoned darts (quivered)
Armour
 b - a +0 scale mail (worn)
 c - a +0 buckler (worn)
 j - a +1 hat (worn)
Jewellery
 i - a +6 ring of strength (left hand)
Scrolls
 f - 2 scrolls of vulnerability {unknown}
 k - a scroll of identify {unknown}
 m - 3 scrolls of fog {unknown}
Potions
 d - a potion of might
 e - a potion of degeneration {unknown}
 g - a potion of mutation {unknown}
 h - 2 potions of ambrosia {unknown}
 l - a potion of cancellation {unknown}


   Skills:
 + Level 3.4 Fighting
 + Level 2.5 Long Blades
 + Level 3.3 Armour
 + Level 3.3 Shields


You had 2 spell levels left.
You didn't know any spells.
Your spell library contained the following spells:

 Spells                   Type           Power      Damage    Failure   Level
 Call Canine Familiar     Summ           0%         N/A       98%         3
 Portal Projectile        Hex/Tloc       0%         N/A       98%         3
 Leda's Liquefaction      Hex/Erth       0%         N/A       100%        4


Dungeon Overview and Level Annotations

Branches:
Dungeon (2/15)

Altars:


Message History

You hit the quokka.
You kill the quokka!
You see here a ball python corpse.
Found 5 stones.
Found 5 poisoned darts.
Found 11 gold pieces.
Found 10 gold pieces.
m - 3 scrolls labelled OPUAPS YZXUASS The bat barely misses you.
You block the bat's attack.
You slash the bat!
You kill the bat!
No target in view!
You see here a bat corpse.
You now have 58 gold pieces (gained 10).
You see here 5 poisoned darts.
You now have 69 gold pieces (gained 11).
You see here 5 poisoned darts.
n - 5 poisoned darts
Okay, then.
The gnoll shouts! x2
The gnoll shouts!
You barely miss the gnoll. The gnoll hits you but does no damage.
You hit the gnoll.
The gnoll is lightly wounded.
The gnoll barely misses you. The gnoll attacks as you move away!
The gnoll barely misses you. The gnoll hits you but does no damage.
You barely miss the gnoll. The gnoll hits you but does no damage.
You barely miss the gnoll. The gnoll closely misses you.
You closely miss the gnoll. The gnoll closely misses you.
You block the gnoll's attack. The gnoll completely misses you.
The gnoll hits you with a +0 whip.
The gnoll hits you from afar with a +0 halberd!
The gnoll hits you with a +0 flail!
* * * LOW HITPOINT WARNING * * *
The gnoll barely misses you. The gnoll hits you but does no damage.
The gnoll attacks as you move away! The gnoll hits you with a +0 flail!
You die...

....#
###.......>..######
#...#
###.####..........# #...
#...# #.#..#####..# #..#
###.### #..#...# #.# ...
#..†..# #.##...## .#
#.##.....# #........ .
#........# #......... .#
#...#......###.....>.#.#
#
###.#.####..@g.......#..
#...# #....g.......# .#
##### #.##g#.......# #..
#g#.####### #.# #...#
#.#...#.# ....#.#.##
######
..####.....#.....##
#......<......#


You could see 4 gnolls.

Vanquished Creatures
  An adder (D:2)
  A giant cockroach (D:2)
  5 hobgoblins (D:1)
  2 jackals (D:1)
  6 quokkas
  A ball python (D:2)
  5 bats
  A frilled lizard (D:1)
  A kobold (D:1)
  2 rats (D:1)
25 creatures vanquished.

Notes
Turn   | Place    | Note
-------+----------+-------------------------------------------
     0 | D:1      | mobinator the Human Fighter began the quest for the Orb.
     0 | D:1      | Reached XP level 1. HP: 18/18 MP: 1/1
   260 | D:1      | Reached XP level 2. HP: 24/24 MP: 2/2
   486 | D:1      | Reached XP level 3. HP: 29/29 MP: 3/3
  1092 | D:2      | Slain by a gnoll

Illustrated notes

Levels and vault maps discovered:
D:1:      dpeg_arrival_signposts, layout_basic
D:2:      layout_rooms

Action                     || total
---------------------------++-------
  Melee: Long sword        ||    91
 Armour: Scale mail        ||    64
  Dodge: Dodged            ||    55
  Block: Buckler           ||    23

Table legend: (Time is in decaauts)
 A = Elapsed time spent in this place.
 B = Non-inter-level travel time spent in this place.
 C = Inter-level travel time spent in this place.
 D = Time resting spent in this place.
 E = Time spent auto-exploring this place.
 F = Levels seen in this place.
 G = Mean time per level.
                   A        B        C        D        E       F      G
               +--------+--------+--------+--------+--------+-----+--------+
         Total |   1120 |    920 |    200 |      0 |    260 |   2 |  560.0 |
       Dungeon |   1120 |    920 |    200 |      0 |    260 |   2 |  560.0 |
               +--------+--------+--------+--------+--------+-----+--------+

Top non-repeatable levels by time:
     D:1: 941 daAuts
     D:2: 178 daAuts
